 Dungeon Crawl Stone Soup version 0.22.1-1-ga44c0e56f4 (webtiles) character file.

181 Gargoyl the Skirmisher (level 5, -10/45 HPs)
             Began as a Centaur Abyssal Knight on Nov 1, 2018.
             Was a Follower of Lugonu.
             Engulfed by a cloud of flame (30 damage)
             ... on level 3 of the Dungeon.
             The game lasted 00:04:40 (3723 turns).

Gargoyl the Skirmisher (Centaur Abyssal Knight)     Turns: 3723, Time: 00:04:41

Health: -10/45     AC:  8    Str: 15    XL:     5   Next: 34%
Magic:  7/7        EV:  7    Int: 11    God:    Lugonu [*.....]
Gold:   144        SH:  3    Dex:  9    Spells: 4/4 levels left

rFire    . . .     SeeInvis .   a - +1 hand axe
rCold    . . .     Gourm    .   i - +0 buckler
rNeg     . . .     Faith    .   f - +0 ring mail
rPois    +         Spirit   .   (no helmet)
rElec    .         Reflect  .   (no cloak)
rCorr    .         Harm     .   d - +1 pair of gloves
MR       .....                  (no barding)
Stlth    ..........             (no amulet)
HPRegen  0.15/turn              j - ring of poison resistance
MPRegen  0.10/turn              (no ring)

@: very quick
A: large, hooves 3, deformed body, speed 2, tough skin 3, [subdued magic 1]
a: Depart the Abyss, Renounce Religion


You were on level 3 of the Dungeon.
You worshipped Lugonu.
Lugonu was aware of your devotion.
You were very hungry.

You visited 1 branch of the dungeon, and saw 3 of its levels.
You visited the Abyss 1 time.

You collected 144 gold pieces.

Inventory:

Hand Weapons
 a - a +1 hand axe (weapon)
Missiles
 k - 7 javelins (quivered)
Armour
 d - a +1 pair of gloves (worn)
 f - a +0 ring mail (worn)
 i - a +0 buckler (worn)
Jewellery
 j - a ring of poison resistance (left hand)
Scrolls
 e - 2 scrolls of identify
Comestibles
 c - 4 rations


   Skills:
 + Level 3.6 Fighting
 + Level 2.9 Axes
 * Level 2.4 Armour
 + Level 1.1 Dodging
 + Level 0.1 Shields
 * Level 3.3 Invocations


You had 4 spell levels left.
You didn't know any spells.
Your spell library was empty.

Dungeon Overview and Level Annotations

Branches:
Dungeon (3/15)

Altars:
Gozag
Hepliaklqana
Sif Muna
Xom

Annotations:
D:2 Sigmund


Innate Abilities, Weirdness & Mutations

You have hooves in place of feet.
Armour fits poorly on your strangely shaped body.
You cover ground very quickly.
You have extremely tough skin. (AC +3)
[Your spells are a little easier to cast, but a little less powerful.]


Message History

Unknown command.
Unknown command.
You aren't carrying any potions.
Unknown command.
As you read the scroll labeled FUSUCREXTUJ, it crumbles to dust.
The creatures around you are filled with an inner flame!
It was a scroll of immolation.
The orc wizard mumbles some strange words.
The orc wizard seems to speed up.
You aren't carrying any potions.
As you read the scroll labeled WUIGOI SAUFETYO, it crumbles to dust.
The dust glows pale charcoal!
It was a scroll of random uselessness.
You slash the orc!
The orc explodes!
The fiery explosion engulfs you!
Ouch! That really hurt!
Lugonu accepts your kill.
You are engulfed in blazing flames.
Ouch! That really hurt!
You die...

.. ### # ..##..
#. ..#.# ##.#
....##
##.%.##....#
##.....#..#.###
#..%.....##...##
#......o§)@...$#
#..(..os####.#.#
##......# ..
#.......# .#
#.o.s...# #
#.......#
##.....## ##...#


You could see an orc wizard (inner flame), an orc (inner flame) and a giant
cockroach.

Vanquished Creatures
  2 orc priests
  An orc wizard (D:1)
  3 adders (D:2)
  A howler monkey skeleton (D:2)
  3 worms (D:2)
  A dart slug (D:1)
  2 leopard geckos (D:2)
  3 orcs
  3 bats
  11 giant cockroaches (D:2)
  3 goblins
  4 hobgoblins
  A ball python (D:2)
  2 frilled lizards
  3 kobolds
  4 rats
47 creatures vanquished.

Notes
Turn   | Place    | Note
-------+----------+-------------------------------------------
     0 | Abyss:1  | Gargoyl the Centaur Abyssal Knight began the quest for the
                  | Orb.
     0 | Abyss:1  | Reached XP level 1. HP: 19/19 MP: 2/2
     1 | Abyss:1  | Found a corrupted altar of Lugonu.
    41 | Abyss:1  | Noticed a wretched star
    58 | Abyss:1  | Noticed a large abomination
    65 | Abyss:1  | Noticed an ancient zyme
    71 | Abyss:1  | Noticed a ynoxinul
    73 | Abyss:1  | Noticed a chaos spawn
    74 | Abyss:1  | Noticed a large abomination
    76 | Abyss:1  | Noticed an orange demon
    77 | Abyss:1  | Noticed a worldbinder
    79 | D:1      | Escaped the Abyss
   721 | D:1      | Reached XP level 2. HP: 26/26 MP: 3/3
  1107 | D:2      | Reached * piety under Lugonu
  1110 | D:2      | Reached XP level 3. HP: 27/31 MP: 4/4
  1560 | D:2      | Found a hazy altar of Hepliaklqana.
  1561 | D:2      | Found an opulent altar of Gozag.
  1561 | D:2      | Found a shimmering altar of Xom.
  1563 | D:2      | Found a deep blue altar of Sif Muna.
  1838 | D:2      | Reached XP level 4. HP: 25/38 MP: 6/6
  2234 | D:1      | Reached skill level 1 in Dodging
  2503 | D:2      | HP: 1/57 [orc priest/divine providence (12)]
  2507 | D:2      | Reached XP level 5. HP: 3/45 MP: 7/7
  3296 | D:2      | Noticed Sigmund
  3326 | D:2      | HP: 2/45 [bat (1)]
  3723 | D:3      | Engulfed by a cloud of flame

Skill      XL: |  1  2  3  4 |
---------------+-------------+-----
Axes           | 2 |  2.9
Invocations    | 3 |  3.3
Armour         | 2 |  2.4
Dodging        | 1 |  1.1
Fighting       | |  3.6
Shields        | |  0.1

Action                   |  1- 3 |  4- 6 || total
-------------------------+-------+-------++-------
Melee: Hand axe          |    86 |    94 ||   180
       Kick              |    20 |    14 ||    34
Invok: Depart the Abyss  |     1 |       ||     1
  Use: Scroll            |     3 |     2 ||     5
       Potion            |       |     3 ||     3
  Eat: Chunk             |     2 |     1 ||     3
       Ration            |       |     1 ||     1
Armor: Ring mail         |    52 |    46 ||    98
       Leather armour    |     2 |       ||     2
       Skin              |       |    15 ||    15
Dodge: Dodged            |    23 |    24 ||    47
Block: Buckler           |     8 |     9 ||    17
